[Event "Late-Titled-Tuesday-Blitz-February-13-2024"]
[Site "Chess.com"]
[Date "2024.02.13"]
[Round "8"]
[White "mr_gustavo"]
[Black "JackRodgers"]
[Result "0-1"]
[WhiteElo "2717"]
[BlackElo "2539"]
[TimeControl "180+1"]
[EndTime "15:25:54 PST"]
[Termination "JackRodgers won by resignation"]

1. c4 c5 2. Nf3 g6 3. e3 Bg7 4.
Be2 Nf6 5. O-O O-O 6. d4 cxd4 7. exd4 d5 8. Nc3 Nc6 9. Bg5 Be6 10. c5 Ne4 11. Be3 h6 12. Bd3 f5 13. Bc2 g5 14. Ne1 f4 15. Bc1 Bxd4 16. Nxe4 dxe4 17. Bxe4 Bxf2+ 0-1

[Event "Late-Titled-Tuesday-Blitz-February-13-2024"]
[Site "Chess.com"]
[Date "2024.02.13"]
[Round "8"]
[White "Payyappat"]
[Black "hmatyi07"]
[Result "1-0"]
[WhiteElo "2573"]
[BlackElo "2280"]
[TimeControl "180+1"]
[EndTime "15:26:00 PST"]
[Termination "Payyappat won by resignation"]

1. e4 e6 2. d4 d5 3. Nc3 Nc6 4. Nf3 Nf6 5. Bg5 Be7 6. e5 Ne4 7. Bxe7 Qxe7 8. Bd3 Qb4 9. O-O Nxc3 10. bxc3 Qxc3 11. Rb1 Qa3 12. Ng5 h6 13. Qh5 Qe7 14.
Nxf7 Rf8 15. Nh8+ Kd7 16. Ng6 Qf7 17. Nxf8+ Qxf8 18. c3 b6 19. f4 Ne7 20. f5 exf5 21.
Bxf5+ Nxf5 22. Rxf5 Qg8 23. Rf7+ Kc6 24. Qg6+ Kb7 25. e6 Qe8 26. Rxc7+ 1-0

[Event "Late-Titled-Tuesday-Blitz-February-13-2024"]
[Site "Chess.com"]
[Date "2024.02.13"]
[Round "8"]
[White "Semetey"]
[Black "Walter_White_Poland"]
[Result "1-0"]
[WhiteElo "2612"]
[BlackElo "2427"]
[TimeControl "180+1"]
[EndTime "15:26:01 PST"]
[Termination "Semetey won by resignation"]

1. e4 e5 2. Nf3 Nc6 3. Bc4 Nf6 4. d3 d5 5. exd5 Nxd5 6. O-O Nb6 7. Bb5 Bd6 8. Re1 f6 9. d4 O-O 10. Bxc6 bxc6 11.
dxe5 fxe5 12. h3 Qe8 13. Nc3 Qg6 14. Nxe5 Bxe5 15. Rxe5 Bf5 16. Be3 Nc4 17. Re7 Bxh3 18. Qf1 Rad8 19. Qxc4+ Kh8 20. Qe4 1-0

[Event "Late-Titled-Tuesday-Blitz-February-13-2024"]
[Site "Chess.com"]
[Date "2024.02.13"]
[Round "8"]
[White "Alex_Sahakyan2006"]
[Black "YurasovMat-2012"]
[Result "1-0"]
[WhiteElo "2872"]
[BlackElo "2666"]
[TimeControl "180+1"]
[EndTime "15:26:04 PST"]
[Termination "Alex_Sahakyan2006 won by checkmate"]

1. e4 e5 2. Nf3 Nf6 3. Nxe5 d6 4.
Nd3 Nxe4 5. Nf4 Nf6 6. d4 d5 7. Bd3 c5 8. O-O Nc6 9. Re1+ Be7 10. dxc5 O-O 11. Nc3 Kh8 12. Bb5 a6 13. Bxc6 bxc6 14.
Be3 Bf5 15. Bd4 Re8 16. Nd3 Nd7 17. Qf3 Bg6 18. b4 a5 19. b5 cxb5 20. Nxd5 Nf8 21. Rxe7 Rxe7 22. Bxg7+ Kxg7 23. Qf6+ Kh6 24. Nxe7 Nd7 25.
Nf5+ Kh5 26. Nf4+ Kg4 27. Ne3# 1-0

[Event "Late-Titled-Tuesday-Blitz-February-13-2024"]
[Site "Chess.com"]
[Date "2024.02.13"]
[Round "8"]
[White "NovakRatko"]
[Black "titomagno_64"]
[Result "0-1"]
[WhiteElo "2318"]
[BlackElo "2232"]
[TimeControl "180+1"]
[EndTime "15:26:04 PST"]
[Termination "titomagno_64 won by resignation"]

1. d4 d5 2. c4 Nc6 3. cxd5 Qxd5 4. Nc3 Qxd4 5. Bd2 a6 6. Nf3 Qd6 7. Ne4 Qg6 8. Ng3 Nf6 9. h3 Ne4 10. Bf4 e5 11. Nxe4 Qxe4 12. Bd2 Bd6 13. Ng5 Qf5 14. e4 Qg6 15. Bc4 O-O 16. Qg4 Bxg4 0-1

[Event "Late-Titled-Tuesday-Blitz-February-13-2024"]
[Site "Chess.com"]
[Date "2024.02.13"]
[Round "8"]
[White "alexrustemov"]
[Black "chegueps"]
[Result "1-0"]
[WhiteElo "2829"]
[BlackElo "2675"]
[TimeControl "180+1"]
[EndTime "15:26:13 PST"]
[Termination "alexrustemov won on time"]

1. d4 Nf6 2. c4 g6 3. Nf3 Bg7 4. g3 O-O 5. Bg2 d6 6. Nc3 Nbd7 7. d5 a5 8. O-O Nc5 9. Be3 Ng4 10. Bd4 e5 11. dxe6 Bxe6 12. Bxg7 Kxg7 13. b3 Qf6 14. Rc1 Rfe8 15. h3 Ne5 16. Nd4 a4 17. b4 Na6 18.
Ne4 Qd8 19. f4 Nd7 20. Qd2 Nb6 21. f5 Bxf5 22. Rxf5 gxf5 23. Nxf5+ Kh8 24. Qh6 1-0

[Event "Late-Titled-Tuesday-Blitz-February-13-2024"]
[Site "Chess.com"]
[Date "2024.02.13"]
[Round "8"]
[White "Alblooshi_Hamad"]
[Black "Tolya2"]
[Result "1-0"]
[WhiteElo "2273"]
[BlackElo "2488"]
[TimeControl "180+1"]
[EndTime "15:26:15 PST"]
[Termination "Alblooshi_Hamad won by resignation"]

1. d4 d5 2. c4 dxc4 3. Nf3 a6 4. e3 Nf6 5. Bxc4 e6 6. O-O c5 7. Qe2 b5 8. Bd3 Nbd7 9. Rd1 Bb7 10. dxc5 Bxc5 11.
Nbd2 Qb6 12. Nb3 Be7 13. Bd2 O-O 14. Ba5 Qa7 15. Rac1 Rac8 16. Bb1 Rxc1 17. Rxc1 Rc8 18. Rxc8+ Bxc8 19. Qc2 g6 20. Qxc8+ Kg7 21. Bc3 Nb6 22.
Qc6 Nd5 23. Bd4 Qb8 24. Qc2 h5 25. Ne5 Nb4 26. Qe2 Bd6 27. Nf3 Nd5 28. h3 e5 29.
Bc5 Bxc5 30. Nxc5 Qc8 31. Nb3 e4 32. Nfd4 g5 33. Qc2 Qd8 34. Qc6 g4 35. Nc5 gxh3 36.
Nde6+ fxe6 37. Nxe6+ 1-0

[Event "Late-Titled-Tuesday-Blitz-February-13-2024"]
[Site "Chess.com"]
[Date "2024.02.13"]
[Round "8"]
[White "Durarbayli"]
[Black "nihalsarin"]
[Result "0-1"]
[WhiteElo "2935"]
[BlackElo "3192"]
[TimeControl "180+1"]
[EndTime "15:26:17 PST"]
[Termination "nihalsarin won by resignation"]

1. e4 g6 2. d4 Bg7 3. Nc3 d6 4. Be3 a6 5. g4 b5 6. Bg2 Bb7 7. h4 h6 8. g5 Nd7 9. Qg4 h5 10. Qg3 e6 11. O-O-O Ne7 12. f4 O-O 13. Kb1 b4 14.
Nce2 c5 15. dxc5 dxc5 16. Bxc5 Nxc5 17. Rxd8 Rfxd8 18. Qe3 Na4 19. Nf3 Nxb2 20. Qb3 Bxe4 21. Ng3 Bd5 22. Qe3 Nc4 23. Qf2 Rac8 24. Ne1 Na3+ 25.
Kc1 Bxa2 26. Ne4 b3 27. Nf6+ Bxf6 28. gxf6 Nf5 29. Be4 Nd4 30. Kb2 Nc4+ 31. Ka1 b2+ 32. Kxa2 Rc5 33. Nd3 Ra5+ 0-1

[Event "Late-Titled-Tuesday-Blitz-February-13-2024"]
[Site "Chess.com"]
[Date "2024.02.13"]
[Round "8"]
[White "VladimirKramnik"]
[Black "KacperKacprzak"]
[Result "1-0"]
[WhiteElo "2937"]
[BlackElo "2730"]
[TimeControl "180+1"]
[EndTime "15:26:20 PST"]
[Termination "VladimirKramnik won by resignation"]

1. e4 c5 2. Nf3 d6 3. d4 cxd4 4. Nxd4 Nf6 5. Nc3 a6 6. g3 e6 7. Bg2 Be7 8. Be3 O-O 9. Qe2 Qc7 10. f4 Bd7 11. O-O-O Nc6 12. Kb1 Nxd4 13. Bxd4 Bc6 14. g4 b5 15. g5 Nd7 16. Qh5 Rfd8 17. Rd3 Nf8 18. Rg1 Rac8 19. f5 b4 20. Bxg7 bxc3 21. Bxc3 e5 22. f6 Ne6 23. Rh3 Bxf6 24. gxf6 Kf8 25.
Qxh7 1-0

[Event "Late-Titled-Tuesday-Blitz-February-13-2024"]
[Site "Chess.com"]
[Date "2024.02.13"]
[Round "8"]
[White "aa175"]
[Black "temus_galaktionov"]
[Result "0-1"]
[WhiteElo "2705"]
[BlackElo "2905"]
[TimeControl "180+1"]
[EndTime "15:26:20 PST"]
[Termination "temus_galaktionov won by resignation"]

1. d4 c6 2. e4 g6 3. Nc3 d6 4.
h4 Bg7 5. h5 Qb6 6. Nge2 e5 7. h6 Bf6 8. d5 Be7 9. Be3 Qxb2 10. a3 c5 11. Na4 Qb5 12. c4 Qa5+ 13.
Bd2 Qd8 14. f4 Nd7 15. Ng3 exf4 16. Bxf4 Bf6 17. Ra2 Be5 18. Rf2 Ngf6 19. Bd3 Bxf4 20.
Rxf4 Ne5 21. O-O Nfg4 22. Be2 Ne3 23. Qa1 Nxf1 24. Qxf1 Qg5 25. Kh2 Qxh6+ 26. Kg1 Qg5 27. Kh2 h5 0-1

[Event "Late-Titled-Tuesday-Blitz-February-13-2024"]
[Site "Chess.com"]
[Date "2024.02.13"]
[Round "8"]
[White "pfalcon1949"]
[Black "Fjal"]
[Result "1-0"]
[WhiteElo "1966"]
[BlackElo "2201"]
[TimeControl "180+1"]
[EndTime "15:26:25 PST"]
[Termination "pfalcon1949 won by checkmate"]

1. e4 d6 2. d4 Nf6 3. Nc3 g6 4.
f4 Bg7 5. Nf3 O-O 6. Bd3 Nc6 7.
O-O e5 8. dxe5 dxe5 9. f5 Nd4 10. Nxe5 Nxe4 11. fxg6 Nxc3 12. gxf7+ Kh8 13. Qh5 Nce2+ 14. Kh1 h6 15. Ng6+ Kh7 16. Nxf8+ Kh8 17. Ng6+ Kh7 18. f8=Q Bxf8 19. Nxf8+ Kg7 20. Qxh6+ Kg8 21. Qh7# 1-0

[Event "Late-Titled-Tuesday-Blitz-February-13-2024"]
[Site "Chess.com"]
[Date "2024.02.13"]
[Round "8"]
[White "deepfear"]
[Black "Jamal-Jamal-Jamal"]
[Result "0-1"]
[WhiteElo "1985"]
[BlackElo "2264"]
[TimeControl "180+1"]
[EndTime "15:26:28 PST"]
[Termination "Jamal-Jamal-Jamal won on time"]

1. e4 e6 2. Nf3 d5 3. e5 c5 4. b4 cxb4 5. d4 Ne7 6. a3 Nf5 7. axb4 Bxb4+ 8. c3 Be7 9. Bd3 O-O 10. O-O Nc6 11. Bc2 a5 12. Qd3 g6 13. Na3 b6 14.
Qb5 Qc7 15. Ba4 Na7 16. Qd3 Bd7 17. Bxd7 Qxd7 18. g4 Nh4 19. Bh6 Nxf3+ 20. Qxf3 Rfc8 21. Rfb1 b5 22. Qg3 b4 23. cxb4 axb4 24. h4 Rc3 25. Qg2 Rxa3 26. h5 Nb5 27. Rxa3 Rxa3 28. hxg6 fxg6 0-1

[Event "Late-Titled-Tuesday-Blitz-February-13-2024"]
[Site "Chess.com"]
[Date "2024.02.13"]
[Round "8"]
[White "BilodeauA"]
[Black "FabianoCaruana"]
[Result "1-0"]
[WhiteElo "2997"]
[BlackElo "3063"]
[TimeControl "180+1"]
[EndTime "15:26:33 PST"]
[Termination "BilodeauA won by resignation"]

1. e4 c5 2. Nf3 Nc6 3. Bb5 g6 4.
O-O Bg7 5. Re1 e5 6. Bxc6 dxc6 7. a4 Qe7 8. Na3 Nh6 9. Nc4 O-O 10. d3 f6 11. Be3 Be6 12. a5 Bxc4 13. dxc4 Nf7 14.
Qd3 Bh6 15. Bxh6 Nxh6 16. h3 Rfd8 17. Qe3 Nf7 18. Nd2 Ng5 19. Nb3 Ne6 20. c3 Kg7 21. Rad1 b6 22. axb6 axb6 23. g3 Ra2 24. Rxd8 Qxd8 25.
Qe2 Ra7 26. Rd1 Rd7 27. Rxd7+ Qxd7 28. h4 h5 29. Nd2 b5 30. Nf1 b4 31. Ne3 bxc3 32.
bxc3 Nd8 33. Qb2 Nf7 34. Qb6 Nd6 35. Qb1 Qe6 36. Qd3 f5 37. exf5 gxf5 38. Qxd6 1-0

[Event "Late-Titled-Tuesday-Blitz-February-13-2024"]
[Site "Chess.com"]
[Date "2024.02.13"]
[Round "8"]
[White "Savagelittlemole"]
[Black "kibromNNN"]
[Result "1-0"]
[WhiteElo "2458"]
[BlackElo "1817"]
[TimeControl "180+1"]
[EndTime "15:26:36 PST"]
[Termination "Savagelittlemole won by resignation"]

1. e4 d6 2. d4 Nf6 3. Nc3 c6 4. Bg5 Nbd7 5. f4 e6 6. e5 h6 7. Bh4 dxe5 8. dxe5 g5 9. fxg5 hxg5 10. Bxg5 Qa5 11. Bxf6 Nxf6 12. exf6 Bd7 13. Nf3 O-O-O 14. Bd3 Bb4 15. Qd2 Rhg8 16. O-O e5 17. a3 Bc5+ 18.
Kh1 Qc7 19. Ne4 Bf8 20. Qc3 Re8 21. Bc4 Be6 22. Bxe6+ Rxe6 23. Rae1 Bh6 24. Nc5 Rxf6 25. Qxe5 Rfg6 26. Qxc7+ Kxc7 27. Re2 b6 28. Nd3 f6 29.
Nd4 Bf8 30. g3 Bd6 31. Re6 Rh6 32. Rfxf6 Rxf6 33. Rxf6 Rh8 34. Rf7+ Kb8 35. Nxc6+ Kc8 36. Kg2 1-0

[Event "Late-Titled-Tuesday-Blitz-February-13-2024"]
[Site "Chess.com"]
[Date "2024.02.13"]
[Round "8"]
[White "Malev212"]
[Black "Binary010"]
[Result "0-1"]
[WhiteElo "2686"]
[BlackElo "2885"]
[TimeControl "180+1"]
[EndTime "15:26:39 PST"]
[Termination "Binary010 won by resignation"]

1. e4 c5 2. Nf3 d6 3. d4 cxd4 4.
Nxd4 Nf6 5. Nc3 a6 6. Bc4 e6 7.
Be3 b5 8. Bb3 Be7 9. a3 O-O 10.
Qe2 Bb7 11. f3 Nc6 12. O-O-O Na5 13. Ba2 Rc8 14. e5 Nd5 15. Nxd5 Bxd5 16. Bxd5 exd5 17. e6 Bf6 18. Kb1 Nc4 19. Bc1 Qc7 20. b3 Qc5 21.
exf7+ Rxf7 22. Ne6 Nxa3+ 23. Ka2 Qxc2+ 24. Qxc2 Nxc2 25. Kb1 Re7 26. Nf4 d4 27. Nd5 Re2 28.
Rd2 Rxd2 29. Bxd2 Na3+ 30. Kb2 Rc2+ 31. Kxa3 Rxd2 32. Rc1 Rxg2 33. Rd1 Rxh2 0-1

[Event "Late-Titled-Tuesday-Blitz-February-13-2024"]
[Site "Chess.com"]
[Date "2024.02.13"]
[Round "8"]
[White "jefferyx"]
[Black "Korchmar_Vasiliy"]
[Result "1-0"]
[WhiteElo "3042"]
[BlackElo "2772"]
[TimeControl "180+1"]
[EndTime "15:26:43 PST"]
[Termination "jefferyx won on time"]

1. e4 c5 2. Nf3 d6 3. Nc3 Nc6 4. d4 cxd4 5. Nxd4 Nf6 6. Bg5 Bd7 7.
Bxf6 gxf6 8. Bc4 e6 9. Bb3 a6 10. Nxc6 Bxc6 11. f4 b5 12. f5 b4 13. Ne2 e5 14.
Bd5 Qb6 15. c3 Bh6 16. Bxc6+ Qxc6 17. O-O O-O 18. Ng3 bxc3 19. bxc3 Kh8 20. Qf3 Rac8 21. Rad1 Rfd8 22. Qh5 Be3+ 23. Kh1 Qxc3 24. Qxf7 Rf8 25. Qe7 Bf4 26. Nh5 Bh6 27. Nxf6 1-0

[Event "Late-Titled-Tuesday-Blitz-February-13-2024"]
[Site "Chess.com"]
[Date "2024.02.13"]
[Round "8"]
[White "DeGrootteZ"]
[Black "Hrant_ChessMood"]
[Result "0-1"]
[WhiteElo "2840"]
[BlackElo "2958"]
[TimeControl "180+1"]
[EndTime "15:26:45 PST"]
[Termination "Hrant_ChessMood won by resignation"]

1. c4 e6 2. Nf3 d5 3. g3 dxc4 4. Bg2 Nd7 5. O-O a6 6. Qc2 Ngf6 7. Qxc4 b5 8. Qc2 Bb7 9. a4 Bd6 10. d3 O-O 11. Na3 c5 12. Bd2 Qb6 13. axb5 axb5 14.
Qb3 Bc6 15. Nh4 Rab8 16. Nc2 Rfc8 17. Bxc6 Qxc6 18. Ra7 c4 19. dxc4 bxc4 20. Qa2 Bc5 21. Ra6 Qe4 22. Ne3 Bd4 23. Rb1 c3 24. Bc1 cxb2 25.
Bxb2 Bxe3 26. fxe3 Qxe3+ 27. Kh1 Qxe2 28. Ng2 Rxb2 29. Qxb2 Qxa6 0-1

[Event "Late-Titled-Tuesday-Blitz-February-13-2024"]
[Site "Chess.com"]
[Date "2024.02.13"]
[Round "8"]
[White "Lion-Al-Messi"]
[Black "jcibarra"]
[Result "0-1"]
[WhiteElo "2567"]
[BlackElo "2907"]
[TimeControl "180+1"]
[EndTime "15:26:45 PST"]
[Termination "jcibarra won by resignation"]

1. e4 e5 2. Nf3 d6 3. d4 exd4 4. Nxd4 Nf6 5. Nc3 Be7 6. Be2 O-O 7. O-O Re8 8. Re1 Bf8 9. Bf1 Nbd7 10. Bg5 h6 11. Bh4 Ne5 12. f4 Ng6 13. Bg3 c6 14.
Nf5 Bxf5 15. exf5 Ne7 16. Bd3 Qb6+ 17. Bf2 Qxb2 18. Bd4 Ned5 19. Qd2 Qb4 20. Bf1 Nxc3 21. Bxc3 Qc5+ 22. Kh1 Ne4 23. Rxe4 Rxe4 24. f6 Qe3 25. Qxe3 Rxe3 26. Bd3 Rae8 27. h3 gxf6 28. a4 d5 29.
Rb1 b6 30. a5 b5 31. Kh2 Bd6 32. g3 Bc5 33. Bxf6 a6 34. Bc3 d4 35. Bb2 Re1 36.
Rxe1 Rxe1 37. Kg2 Rb1 38. Bxd4 Bxd4 39. c3 Rb2+ 40. Kf3 Bxc3 0-1

[Event "Late-Titled-Tuesday-Blitz-February-13-2024"]
[Site "Chess.com"]
[Date "2024.02.13"]
[Round "8"]
[White "ozates"]
[Black "emeli_chess"]
[Result "0-1"]
[WhiteElo "2575"]
[BlackElo "2418"]
[TimeControl "180+1"]
[EndTime "15:26:49 PST"]
[Termination "emeli_chess won on time"]

1. e4 e5 2. Nf3 Nc6 3. Nc3 Nf6 4.
a3 d5 5. Bb5 d4 6. Ne2 Bd6 7.
Ng3 g6 8. O-O h5 9. h3 h4 10.
Ne2 Nxe4 11. d3 Nc5 12. Bg5 f6 13. Bxh4 g5 14. Bg3 Bxh3 15. gxh3 Qd7 16. Nh2 Qxh3 17. Qe1 O-O-O 18. Nc1 Rdg8 19. b4 Ne6 20. Bxc6 bxc6 21. Qe4 Nf4 22. Qxc6 f5 23. Re1 e4 0-1

[Event "Late-Titled-Tuesday-Blitz-February-13-2024"]
[Site "Chess.com"]
[Date "2024.02.13"]
[Round "8"]
[White "lluiss"]
[Black "N_I_Chess"]
[Result "1-0"]
[WhiteElo "2169"]
[BlackElo "2264"]
[TimeControl "180+1"]
[EndTime "15:26:51 PST"]
[Termination "lluiss won by resignation"]

1. e4 Nf6 2. e5 Nd5 3. Nc3 Nb6 4. d4 d6 5. Nf3 g6 6. Be2 Bg7 7. O-O O-O 8. Bf4 h6 9. Qd2 Kh7 10. Rad1 Bg4 11. h3 Bxf3 12. Bxf3 d5 13. e6 fxe6 14. Rfe1 Rf6 15. Be5 Nc4 16. Qc1 Nxe5 17. dxe5 Rxf3 18. gxf3 Qf8 19. Qe3 Nd7 20. f4 a6 21. Ne2 c5 22. c3 Qf5 23. Kh2 Rf8 24. Rg1 b5 25. Rg3 Rc8 26. Rdg1 Nf8 27. Rg4 h5 28. Ng3 d4 29.
cxd4 cxd4 30. Qxd4 Rc4 31. Nxf5 Rxd4 32. Nxd4 hxg4 33.
hxg4 1-0

[Event "Late-Titled-Tuesday-Blitz-February-13-2024"]
[Site "Chess.com"]
[Date "2024.02.13"]
[Round "8"]
[White "Mikhail_Golubev"]
[Black "terrortoast"]
[Result "1-0"]
[WhiteElo "2689"]
[BlackElo "2479"]
[TimeControl "180+1"]
[EndTime "15:26:54 PST"]
[Termination "Mikhail_Golubev won by resignation"]

1. e4 c5 2. Nf3 d6 3. d4 cxd4 4. Nxd4 Nf6 5. Nc3 a6 6. Bc4 e6 7. O-O b5 8. Bb3 Be7 9. f4 O-O 10. e5 dxe5 11. fxe5 Nfd7 12. Be3 Nxe5 13. Qh5 Ng6 14.
Rf3 Bd7 15. Raf1 Nc6 16. Rh3 Bh4 17. Nf3 e5 18. Rxh4 Nxh4 19. Ng5 h6 20. Nxf7 Rxf7 21. Rxf7 Kh8 22. Bxh6 Qb6+ 23. Be3+ 1-0

[Event "Late-Titled-Tuesday-Blitz-February-13-2024"]
[Site "Chess.com"]
[Date "2024.02.13"]
[Round "8"]
[White "sharkarton"]
[Black "TheAlienParty"]
[Result "1-0"]
[WhiteElo "2523"]
[BlackElo "2411"]
[TimeControl "180+1"]
[EndTime "15:26:54 PST"]
[Termination "sharkarton won on time"]

1. Nf3 d5 2. d4 Nf6 3. c4 e6 4. Nc3 Bb4 5. e3 O-O 6. Bd2 Re8 7. Bd3 b6 8. O-O Bb7 9. cxd5 exd5 10.
Ne5 a6 11. f4 Bd6 12. Rf3 Ne4 13. Rh3 g6 14. Be1 Nd7 15. Nxe4 dxe4 16. Bc4 Nxe5 17.
dxe5 Bc5 18. Qb3 Rf8 19. Rd1 Qe8 20. e6 f6 21. e7+ Rf7 22. Bxf7+ Qxf7 23. Rd8+ Kg7 24.
Qxf7+ Kxf7 25. e8=Q+ 1-0

[Event "Late-Titled-Tuesday-Blitz-February-13-2024"]
[Site "Chess.com"]
[Date "2024.02.13"]
[Round "8"]
[White "BabageldiAnnaberdiyev"]
[Black "Eloist"]
[Result "0-1"]
[WhiteElo "2610"]
[BlackElo "2452"]
[TimeControl "180+1"]
[EndTime "15:26:57 PST"]
[Termination "Eloist won by resignation"]

1. e4 e6 2. d4 d5 3. e5 c5 4.
c3 Qb6 5. Nf3 Bd7 6. Be2 cxd4 7.
cxd4 Bb5 8. O-O Bxe2 9. Qxe2 Nc6 10. Rd1 Nge7 11. Nc3 Nf5 12. Be3 Be7 13. a3 Rc8 14.
Rac1 O-O 15. b4 a5 16. b5 Na7 17. a4 Ba3 18. Rc2 Rc4 19. g4 Nxe3 20. fxe3 Rfc8 21. Qd3 Qc7 22. b6 Qxb6 23. Nd2 R4c6 24. Nxd5 exd5 25.
Rxc6 Qxc6 26. Qxa3 Qg6 27. h3 h5 28. Qd6 Qc2 29.
Rf1 Qxd2 0-1

[Event "Late-Titled-Tuesday-Blitz-February-13-2024"]
[Site "Chess.com"]
[Date "2024.02.13"]
[Round "8"]
[White "Antipov_Mikhail_Al"]
[Black "Oleksandr_Bortnyk"]
[Result "0-1"]
[WhiteElo "2963"]
[BlackElo "3060"]
[TimeControl "180+1"]
[EndTime "15:26:58 PST"]
[Termination "Oleksandr_Bortnyk won by resignation"]

1. e4 Nf6 2. Nc3 d5 3. exd5 Nxd5 4. Nxd5 Qxd5 5. Qf3 Be6 6. Qxd5 Bxd5 7. Ne2 e5 8. Nc3 Bc6 9. Nb5 Kd7 10. b3 a6 11.
Na3 b5 12. c4 b4 13. Nc2 Bc5 14. Bb2 Be4 15. O-O-O Bxc2 16. Kxc2 Nc6 17. f3 Bd4 18. Bc1 f5 19. Bd3 Rhf8 20. Rhe1 g6 21. Kb1 Kd6 22. Re2 a5 23. a4 Rae8 24. Bc2 h5 25. g3 Bc5 26. Bb2 Bd4 27. Bc1 Nd8 28. h3 Ne6 29. g4 Nf4 30. Rh2 e4 31. fxe4 fxg4 32. hxg4 hxg4 33. d3 g3 34. Rh6 Re6 35. Rh4 Ne2 36.
Bd2 g2 0-1

[Event "Late-Titled-Tuesday-Blitz-February-13-2024"]
[Site "Chess.com"]
[Date "2024.02.13"]
[Round "8"]
[White "gunslinger222"]
[Black "YellowJacek"]
[Result "1-0"]
[WhiteElo "2272"]
[BlackElo "2372"]
[TimeControl "180+1"]
[EndTime "15:26:59 PST"]
[Termination "gunslinger222 won by resignation"]

1. d4 Nf6 2. Bg5 Ne4 3. Bf4 d5 4. f3 Nf6 5. Nc3 c5 6. e3 e6 7. h4 a6 8. g4 Nc6 9. a3 cxd4 10. exd4 Qb6 11. Be3 Bd6 12. Rh3 Bd7 13. g5 Nh5 14. Nge2 O-O 15. f4 f6 16. Rf3 fxg5 17. hxg5 g6 18.
Bh3 Ng7 19. Nxd5 exd5 20. Bxd7 Qxb2 21. Rb1 Qxa3 22. Rb6 Nf5 23. Bxf5 Rxf5 24. Rxb7 Re8 25. Kf2 Qa5 26. Qh1 Re7 27. Rxe7 Nxe7 28. Qb1 Qc7 29. Qa2 Rf7 30. Qxa6 Nf5 31. Qa8+ Kg7 32. Qxd5 Re7 33. c4 Qa5 34. Qxa5 1-0

[Event "Late-Titled-Tuesday-Blitz-February-13-2024"]
[Site "Chess.com"]
[Date "2024.02.13"]
[Round "8"]
[White "mishanick"]
[Black "BardArtem"]
[Result "1-0"]
[WhiteElo "2970"]
[BlackElo "2763"]
[TimeControl "180+1"]
[EndTime "15:27:02 PST"]
[Termination "mishanick won by resignation"]

1. d4 Nf6 2. c4 b6 3. f3 Bb7 4. e4 g6 5. Bd3 Bg7 6. Ne2 O-O 7. Nbc3 e6 8. Bg5 h6 9. Bh4 Qe8 10. Qd2 d6 11. O-O Nfd7 12. Bc2 Nc6 13. Rad1 e5 14. d5 Nd4 15. Nxd4 exd4 16. Nb5 Ne5 17. b3 c5 18. dxc6 Nxc6 19. Nc7 Qd7 20. Nxa8 Rxa8 21. f4 Re8 22. Rde1 a5 23. a3 d3 24. Bxd3 Nd4 25. Qd1 Ne6 26. f5 Nc5 27. f6 Bf8 28.
Bf2 Nxe4 29. Bxe4 Rxe4 30. Rxe4 Bxe4 31. Re1 d5 32. Rxe4 1-0

[Event "Late-Titled-Tuesday-Blitz-February-13-2024"]
[Site "Chess.com"]
[Date "2024.02.13"]
[Round "8"]
[White "norwaytoadog"]
[Black "boguszp"]
[Result "1-0"]
[WhiteElo "2211"]
[BlackElo "2024"]
[TimeControl "180+1"]
[EndTime "15:27:05 PST"]
[Termination "norwaytoadog won by checkmate"]

1. e4 c6 2. d4 d5 3. e5 c5 4. c3 Bf5 5. Nf3 e6 6. Be2 Nc6 7. O-O Qb6 8. a3 a5 9. a4 Nh6 10. Na3 Be7 11. Nb5 f6 12. exf6 Bxf6 13. Bxh6 gxh6 14.
Nd6+ Kd7 15. Nxf5 exf5 16. Bb5 Raf8 17. Re1 Kc8 18. Re6 cxd4 19. cxd4 Kb8 20. Bxc6 bxc6 21. Ra3 Kc7 22. Rb3 Qa6 23. Rc3 Bg5 24. Ne5 Kb7 25. Rexc6 Qa8 26. Qb3+ Ka7 27. Rc7+ Ka6 28. Qb5# 1-0

[Event "Late-Titled-Tuesday-Blitz-February-13-2024"]
[Site "Chess.com"]
[Date "2024.02.13"]
[Round "8"]
[White "ArtemDyachuk"]
[Black "kids2010"]
[Result "0-1"]
[WhiteElo "2624"]
[BlackElo "2775"]
[TimeControl "180+1"]
[EndTime "15:27:07 PST"]
[Termination "kids2010 won on time"]

1. c4 Nf6 2. Nf3 c5 3. g3 Nc6 4. Bg2 e6 5. O-O d5 6. cxd5 exd5 7. d4 Be7 8. Nc3 O-O 9. Bg5 Bf5 10. Rc1 c4 11. Ne5 Be6 12. Re1 h6 13. Bf4 Nh5 14. Be3 Nf6 15. Bf4 Qb6 16. Nxc6 bxc6 17. Qd2 Bf5 18. e4 dxe4 19. Nxe4 Bxe4 20. Bxe4 Bb4 21. Rc3 Bxc3 22. bxc3 Rfe8 23. Bf3 Nd5 24. Bd6 Qa5 25. Rc1 Re6 26. Bc5 Rae8 27. Bg4 Re4 28. Bf3 R4e6 29.
Bg4 Rf6 30. Bd7 Rd8 31. Bg4 Qc7 32. Re1 Rg6 33. Bf5 Rg5 34. Re5 Nf6 35. Be7 Qxe5 0-1

[Event "Late-Titled-Tuesday-Blitz-February-13-2024"]
[Site "Chess.com"]
[Date "2024.02.13"]
[Round "8"]
[White "nitpicker"]
[Black "IraZyne"]
[Result "0-1"]
[WhiteElo "2229"]
[BlackElo "2338"]
[TimeControl "180+1"]
[EndTime "15:27:11 PST"]
[Termination "IraZyne won on time"]

1. d4 d5 2. c4 e6 3. Nf3 c6 4. Qc2 dxc4 5. Qxc4 Nf6 6. g3 b5 7.
Qc2 Bb7 8. Nbd2 Nbd7 9. Nb3 Qb6 10. Bg2 c5 11. dxc5 Nxc5 12. Be3 Rc8 13. Rc1 Be4 14. Qc3 Nd5 15. Qd4 Nxe3 16. Qxe3 Bb7 17. O-O Be7 18. Nbd4 O-O 19. Ne5 Bxg2 20. Kxg2 Bf6 21. Ndf3 Na4 22. b3 Qxe3 23. fxe3 Nb6 24. Nc6 a6 25. e4 Rfe8 26. Rfd1 h6 27. e5 Bg5 28. Nxg5 hxg5 29. e4 Kh7 30. Nb4 Ra8 31. Rc6 a5 32. Rxb6 axb4 33. Rd2 Reb8 34. Rxb8 Rxb8 35. Kf2 Kg6 36.
Ke3 Rc8 37. Rd6 Rc2 0-1

[Event "Late-Titled-Tuesday-Blitz-February-13-2024"]
[Site "Chess.com"]
[Date "2024.02.13"]
[Round "8"]
[White "Cambek64"]
[Black "GothamChess"]
[Result "0-1"]
[WhiteElo "2516"]
[BlackElo "2716"]
[TimeControl "180+1"]
[EndTime "15:27:14 PST"]
[Termination "GothamChess won by checkmate"]

1. b3 f5 2. Bb2 e6 3. g3 Nf6 4. Bg2 a5 5. a3 a4 6. b4 c5 7. b5 c4 8. d3 Qa5+ 9. Nc3 cxd3 10. cxd3 h5 11. h4 d5 12. Nf3 Be7 13.
O-O O-O 14. Rb1 Nbd7 15. Ng5 Nc5 16. Na2 Nb3 17. e4 d4 18. exf5 exf5 19. Nc1 Nd2 20. Ne2 Nxf1 21. Bxf1 Qxb5 22. Nxd4 Qb6 23. Ba1 Qd6 24.
Nb5 Qd8 25. Be2 f4 26. Bxh5 fxg3 27. fxg3 Nxh5 28. Qxh5 Qxd3 29. Rd1 Bc5+ 30. Kh1 Rf1+ 31. Rxf1 Qxf1+ 32. Kh2 Bg1+ 33. Kh1 Bf2+ 34. Kh2 Qg1# 0-1

[Event "Late-Titled-Tuesday-Blitz-February-13-2024"]
[Site "Chess.com"]
[Date "2024.02.13"]
[Round "8"]
[White "HaryKane"]
[Black "KorolDimitriy75"]
[Result "1-0"]
[WhiteElo "2593"]
[BlackElo "2422"]
[TimeControl "180+1"]
[EndTime "15:27:14 PST"]
[Termination "HaryKane won on time"]

1. c4 c5 2. e3 g6 3. Ne2 Bg7 4. Nbc3 Nf6 5. d4 cxd4 6. exd4 d5 7. cxd5 Nxd5 8. Be3 O-O 9. Nxd5 Qxd5 10. Nc3 Qa5 11. Be2 Rd8 12. O-O Nc6 13. d5 Bxc3 14. bxc3 Qxd5 15. Qc1 Be6 16. Rb1 b6 17. Bf3 Qd7 18. Rd1 Qc7 19. Qa3 Rac8 20. Bxc6 Qxc6 21. Qxa7 Qxc3 22. Qxe7 Re8 23. Qh4 Bxa2 24. Rxb6 Rc4 25. Qh6 Qc2 26. Rbd6 Rce4 27. h3 Bb3 28. Qg5 Qe2 29.
Qf6 Bxd1 30. Bh6 1-0